 Dungeon Crawl Stone Soup version 0.25-a0-1133-g93ebf739aa (webtiles) character file.

Game seed: 17477565459316271166, levelgen mode: classic

35 Amnesiac the Vexing (level 3, 0/30 HPs)
             Began as a Deep Elf Arcane Marksman on May 20, 2020.
             Succumbed to an adder's poison
             ... on level 2 of the Dungeon.
             The game lasted 00:02:53 (1022 turns).

Amnesiac the Vexing (Deep Elf Arcane Marksman)      Turns: 1022, Time: 00:02:54

Health: 0/30       AC: 21    Str:  5 (8)  XL:     3   Next: 17%
Magic:  5/7        EV:  2    Int: 14 (17) God:
Gold:   39         SH:  0    Dex: 12 (15) Spells: 2/5 levels left

rFire    . . .     SeeInvis .   a - +0 shortbow
rCold    . . .     Gourm    .   (shield currently unavailable)
rNeg     + + +     Faith    .   (armour currently unavailable)
rPois    +         Spirit   .   (helmet currently unavailable)
rElec    .         Reflect  .   (cloak currently unavailable)
rCorr    .         Harm     .   (gloves currently unavailable)
MR       .....     NoTele   +   (boots currently unavailable)
Stlth    +.........             (no amulet)
HPRegen  0.10/turn              g - ring of flight
MPRegen  0.10/turn              (no ring)

@: mighty, brilliant, lethally poisoned (0 -> -4), tree-form, very slightly
contaminated, hasted, invisible, very quick
A: no striking features
a: no special abilities


You were on level 2 of the Dungeon.
You were not hungry.
You were a tree.
You visited 1 branch of the dungeon, and saw 2 of its levels.

You collected 39 gold pieces.

Inventory:

Hand Weapons
 a - a +0 shortbow (weapon)
 r - a +0 mace
Missiles
 d - 7 arrows (quivered)
 n - 59 stones
Armour
 e - a +1 robe (melded)
Jewellery
 g - a ring of flight (left branch)
Scrolls
 l - 2 scrolls of remove curse {!r}
 p - a scroll of fear {!r}
Comestibles
 f - 2 rations
 j - 5 chunks of flesh


   Skills:
 - Level 1.0 Fighting
 * Level 4.0 Bows
 - Level 2.4 Dodging
 - Level 1.5 Spellcasting
 - Level 4.0 Hexes


You had 2 spell levels left.
You knew the following spells:

 Your Spells              Type           Power        Failure   Level  Hunger
a - Corona                Hex            ###....      4%          1    None
e - Slow                  Hex            ###.....     8%          2    None

Your spell library contained the following spells:

 Spells                   Type           Power        Failure   Level  Hunger
 Inner Flame              Hex/Fire       ##......     32%         3    None
 Portal Projectile        Hex/Tloc       ##....       32%         3    None
 Cause Fear               Hex            ###.......   43%         4    None
 Leda's Liquefaction      Hex/Erth       ##........   73%         4    None


Dungeon Overview and Level Annotations

Branches:
Dungeon (2/15)

Altars:
Uskayaw


Message History

Firing (i - inventory. (/) - cycle)
d - 8 arrows (quivered)
Press: ? - help, Shift-Dir - straight line, f/p - adder
Aim: an adder (severely wounded, softly glowing)
You shoot an arrow. The arrow hits the adder.
You kill the adder!
Your Bows skill increases to level 4!
You have reached level 3!
Your experience leads to an increase in your attributes!
Increase (s)trength, (i)ntelligence, or (d)exterity?
You feel stronger.
* * * LOW HITPOINT WARNING * * *
You feel sick.
Really quaff
b - a green potion {!q}?
It was a potion of might {!q}.
You feel very mighty all of a sudden.
* * * LOW HITPOINT WARNING * * *
You feel sick.
Really quaff
h - a blue potion {!q}?
It was a potion of brilliance {!q}.
You feel clever all of a sudden.
* * * LOW HITPOINT WARNING * * *
You feel sick.
Really quaff
i - a red potion {!q}?
It was a potion of haste {!q}.
You feel yourself speed up.
Really quaff
m - a fizzy sapphire potion {!q}?
It was a potion of lignification {!q}.
You turn into a tree.
Your roots penetrate the ground.
* * * LOW HITPOINT WARNING * * *
You feel sick.
Okay, then.
Really quaff
o - a viscous dark potion {!q}?
It was a potion of degeneration {!q}.
There was something very wrong with that liquid.
You feel weakened.
You feel dopey.
You feel clumsy.
Really quaff
q - a ruby potion {!q}?
It was a potion of invisibility {!q}.
You fade into invisibility!
* * * LOW HITPOINT WARNING * * *
You feel sick.
You are very lightly contaminated with residual magic.
Really read
l - 3 scrolls labeled BUUGGO DATWU {!r}?
As you read the scroll labeled BUUGGO DATWU {!r}, it crumbles to dust.
You feel blessed for a moment.
It was a scroll of remove curse {!r}.
Really read
c - a scroll labeled MUBRAE AXOCVE {!r}?
As you read the scroll labeled MUBRAE AXOCVE {!r}, it crumbles to dust.
It is a scroll of identify.
p - a scroll of fear {!r} Really read
k - a scroll labeled FEICIU HUAXT {!r}?
As you read the scroll labeled FEICIU HUAXT {!r}, it crumbles to dust.
It is a scroll of enchant armour.
Your +0 robe glows green for a moment.
* * * LOW HITPOINT WARNING * * *
You feel sick.
There is a lethal amount of poison in your body!
* * * LOW HITPOINT WARNING * * *
You feel sick.
* * * LOW HITPOINT WARNING * * *
You feel sick.
Unknown command.
Unknown command.
Unknown command.
Unknown command.
Unknown command.
You die...

.......(...#
...........#
...........#
.....(.....#
..[..(.....#
...........#
.......(...#
.......♣...#### ###
..######......######
#..
#......##...###.#
#......##...##...
#..............8.
#................
#.......#........
######..#####....
....... #....


There were no monsters in sight!

Vanquished Creatures
  An adder (D:2)
  A worm (D:2)
  3 dart slugs
  A leopard gecko (D:2)
  A giant cockroach (D:1)
  2 hobgoblins (D:1)
  3 bats (D:1)
  3 frilled lizards
  2 kobolds (D:1)
  A rat (D:1)
18 creatures vanquished.

Notes
Turn   | Place    | Note
-------+----------+-------------------------------------------
     0 | D:1      | Amnesiac the Deep Elf Arcane Marksman began the quest for
                  | the Orb.
     0 | D:1      | Reached XP level 1. HP: 11/11 MP: 5/5
    63 | D:1      | Reached skill level 1 in Fighting
   321 | D:1      | Reached XP level 2. HP: 14/16 MP: 4/6
   325 | D:1      | Learned a level 2 spell: Slow
   923 | D:2      | Found a hide-covered altar of Uskayaw.
  1001 | D:2      | Reached XP level 3. HP: 6/20 MP: 4/7
  1013 | D:2      | HP: 1/30 [poisoned by an adder]
  1022 | D:2      | Succumbed to an adder's poison

Illustrated notes

Levels and vault maps discovered:
D:1:      lightli_arrival_windingriver, layout_basic
D:2:      layout_basic, eat_drink_and_be_merry_uskayaw, grunt_ministairs_12

Skill      XL: |  1  2 |
---------------+-------+-----
Fighting       | 1 |  1.0
Bows           | 4 |  4.0
Dodging        | |  2.4
Spellcasting   | |  1.5
Hexes          | |  4.0

Action                   || total
-------------------------++-------
 Fire: Shortbow          ||    68
 Cast: Corona            ||    17
       Slow              ||     4
  Use: Potion            ||     6
       Scroll            ||     3
  Eat: Chunk             ||     1
Armor: Robe              ||     5
Dodge: Dodged            ||    20

Table legend:
 A = Non-vault XP
 B = Vault XP
 C = Vault XP percentage of total XP
 D = Non-vault monster count
 E = Vault monster count
 F = Vault count percentage of total count
                 A         B        C        D         E       F
            +---------+---------+-------+---------+---------+-------
      Total |      51 |       0 |   0.0 |      18 |       0 |   0.0
            +---------+---------+-------+---------+---------+-------
        D:1 |      24 |       0 |   0.0 |      13 |       0 |   0.0
        D:2 |      27 |       0 |   0.0 |       5 |       0 |   0.0
            +---------+---------+-------+---------+---------+-------
